Match 45108285
Unlisted

Match 45108285
End
Panzergrenadier Squad
Selects Battlefield Espionage Battlegroup
Selects Sector Subterfuge Beacon
Kradschützen Motorcycle Team
Panzergrenadier Squad
Construct Light Support Kompanie
Fire Support Elements
Panzergrenadier Squad
Selects Transfer Depots
Selects 250/3 Funkpanzerwagen
Pak 38 Mechanized Group
Flakvierling Half-track
Veteran Squad Leaders
2.5-tonne Medical Truck
Selects Firestorm
Firestorm
Flakvierling Half-track
Flakvierling Half-track
Construct Panzerarmee Kommand
Tungsten Core Ammunition
Selects Anti-Tank Incendiary Munitions
Armored Reserves
Panzerpioneer Squad
Panzerpioneer Squad
Panzerpioneer Squad
Selects Operation Skorpion
Firestorm
Panzerpioneer Squad
Rhodesian Commando
DutchCourage
/\/\au5er
max10r
polo2B
Ursa Major
Nap
GramJam
0
0

Comments sign in to comment!

No comments posted yet!